 Dungeon Crawl Stone Soup version 0.32-a0-799-g95e1662365 (webtiles) character file.

Game seed: 1830586736322662837

9088 gimp the Thaumaturge (level 11, -10/68 HPs)
             Began as a Barachi Earth Elementalist on Mar 21, 2024.
             Was a Believer of Vehumet.
             Mangled by Snorg (17 damage)
             ... on level 10 of the Dungeon.
             The game lasted 00:20:32 (10972 turns).

gimp the Thaumaturge (Barachi Earth Elementalist)  Turns: 10972, Time: 00:20:33

Health: -10/68     AC: 11    Str: 16    XL:     11   Next: 41%
Magic:  1/26       EV: 11    Int: 20    God:    Vehumet [**....]
Gold:   588        SH:  0    Dex: 12    Spells: 24/32 levels left

rFire   . . .        b - +5 whip (venom)
rCold   . . .        (no shield)
rNeg    + . .        B - +1 steam dragon scales
rPois   .            l - +2 hat
rElec   .            (no cloak)
rCorr   .            (no gloves)
SInv    .            m - +2 pair of boots
Will    .....        (no amulet)
Stlth   ++           h - +6 ring of strength
HPRegen 0.31/turn    p - ring of positive energy
MPRegen 0.20/turn

%: no passive effects
@: unable to hop, slow
A: amphibious, slowness 1, strong legs 1, +LOS
a: Hop, Renounce Religion


You were on level 10 of the Dungeon.
You worshipped Vehumet.
Vehumet was pleased with you.
You visited 2 branches of the dungeon, and saw 11 of its levels.

You collected 588 gold pieces.

Inventory:

Hand Weapons
 a - the +5 spear "Okefiyg" {spect, rPois rF- SInv}
   (You found it on level 4 of the Dungeon)

   rF-:       It makes you vulnerable to fire.
   rPois:     It protects you from poison.
   SInv:      It lets you see invisible.
 b - a +5 whip of venom (weapon)
Missiles
 s - 2 throwing nets
Armour
 l - a +2 hat (worn)
 m - a +2 pair of boots (worn)
 t - a +0 buckler
 B - +1 steam dragon scales (worn)
Jewellery
 h - a +6 ring of strength (left hand)
 p - a ring of positive energy (right hand)
 r - a ring of ice
Wands
 c - a wand of digging (3)
 x - a wand of paralysis (9)
Scrolls
 g - 6 scrolls of teleportation
 j - a scroll of immolation {unknown}
 k - a scroll of silence
 n - a scroll of blinking {unknown}
 u - a scroll of poison {unknown}
 v - a scroll of revelation {unknown}
 w - a scroll of enchant armour
 y - a scroll of amnesia {unknown}
 C - a scroll of fear {unknown}
Potions
 d - 5 potions of might
 e - 3 potions of curing
 f - a potion of brilliance
 i - 3 potions of magic
 o - 2 potions of cancellation
 q - 2 potions of lignification
 z - a potion of mutation
 A - a potion of resistance


   Skills:
 + Level 0.0 Fighting
 - Level 2.1 Dodging
 - Level 1.7 Stealth
 + Level 11.4 Spellcasting
 - Level 7.0 Conjurations
 - Level 7.0 Earth Magic
 + Level 11.0 Alchemy


You had 24 spell levels left.
You knew the following spells:

 Your Spells              Type           Power      Damage    Failure   Level
a - Stone Arrow           Conj/Erth      78%        3d11      1%          3
b - Sandblast             Erth           78%        2d17      1%          1
c - Olgreb's Toxic Radia  Alch           54%        N/A       1%          4

Your spell library contained the following spells:

 Spells                   Type           Power      Damage    Failure   Level
 Kiss of Death            Conj/Necr      100%       2d13      1%          1
 Sting                    Conj/Alch      100%       1d9       1%          1
 Mercury Vapours          Alch/Air       66%        N/A       1%          2
 Passwall                 Erth           39%        N/A       1%          3
 Petrify                  Alch/Erth      47%        N/A       1%          4
 Momentum Strike          Conj/Tloc      50%        3d9       2%          2
 Brom's Barrelling Bould  Conj/Erth      39%        2d6       3%          4
 Blink                    Tloc           22%        N/A       9%          2
 Lesser Beckoning         Tloc           22%        N/A       9%          2
 Yara's Violent Unravell  Hex/Alch       16%        3d8       17%         5
 Tukima's Dance           Hex            11%        N/A       19%         3
 Passage of Golubria      Tloc           11%        N/A       52%         4
 Malign Gateway           Summ/Tloc      5%         N/A       100%        7
 Summon Horrible Things   Summ           5%         N/A       100%        8


Dungeon Overview and Level Annotations

Branches:
Dungeon (10/15)            Temple (1/1) D:5            Lair (0/5) D:9
    Orc (0/2) D:9

Altars:
Ashenzari
Cheibriados
Dithmenos
Elyvilon
Fedhas
Gozag
Hepliaklqana
Kikubaaqudgha
Makhleb
Nemelex Xobeh
Okawaru
Qazlal
Ru
Sif Muna
Trog
Uskayaw
Vehumet
Wu Jian
Xom
Yredelemnul
Zin
The Shining One

Shops:
D:3 [

Annotations:
D:5 1 runed translucent door, exclusion: door, Crazy Yiuf
D:10 Snorg


Innate Abilities, Weirdness & Mutations

You are amphibious.
You cover ground slowly.
You can hop short distances.
You have an extended range of vision and can be seen from far away.


Message History

You feel as though you will be slow longer.
You take 8 damage, and have 31/68 hp.
Casting: Stone Arrow (safe; 1% risk of failure)
Confirm with . or Enter, or press ? or * to list all spells.
Aiming: Stone Arrow (safe; 1% risk of failure)
Press: ? - help, Shift-Dir - straight line, f/p - wraith
Aim: a wraith (heavily damaged, 74% to hit)
The stone arrow hits the wraith!
The wraith is almost destroyed.
Your surroundings suddenly seem different.
You now have 2/26 mp.
You feel yourself speed up.
HP restored.
Found a stone staircase leading down.
Health restored: 68; MP restored: 26 Unknown command.
Unknown command.
Unknown command.
Unknown command.
Unknown command.
There is a stone staircase leading down here.
You now have 588 gold pieces (gained 17).
You open the door.
There is an open door here.
You open the door.
There is an open door here.
Snorg the Insatiable comes into view.
Casting: Stone Arrow (safe; 1% risk of failure)
Confirm with . or Enter, or press ? or * to list all spells.
Aiming: Stone Arrow (safe; 1% risk of failure)
Press: ? - help, Shift-Dir - straight line, f - Snorg
Aim: Snorg (asleep, 100% to hit)
The stone arrow hits Snorg!
Snorg is lightly wounded.
Snorg shouts!
You now have 23/26 mp.
There is an open door here.
Hop to where?
Press: ? - help, Dir - move target, p - Snorg Boing!
Casting: Stone Arrow (safe; 1% risk of failure)
Confirm with . or Enter, or press ? or * to list all spells.
You begin to radiate toxic energy.
Snorg is poisoned.
Snorg looks even sicker.
Casting: Olgreb's Toxic Radiance (dangerous; 1% risk of failure)
Confirm with . or Enter, or press ? or * to list all spells.
Your toxic radiance grows in intensity.
Snorg looks even sicker.
Snorg looks as sick as possible!
You now have 16/26 mp.
Casting: Olgreb's Toxic Radiance (dangerous; 1% risk of failure)
Confirm with . or Enter, or press ? or * to list all spells.
Your toxic radiance grows in intensity.
Snorg looks as sick as possible!
You now have 12/26 mp.
Casting: Olgreb's Toxic Radiance (dangerous; 1% risk of failure)
Confirm with . or Enter, or press ? or * to list all spells.
Aiming: Stone Arrow (safe; 1% risk of failure)
Press: ? - help, Shift-Dir - straight line, f - Snorg
Aim: Snorg (moderately wounded, extremely poisoned, 74% to hit)
The stone arrow hits Snorg!!
Snorg is heavily wounded.
Snorg goes berserk!
You now have 9/26 mp.
Casting: Stone Arrow (safe; 1% risk of failure)
Confirm with . or Enter, or press ? or * to list all spells.
Aiming: Stone Arrow (safe; 1% risk of failure)
Press: ? - help, Shift-Dir - straight line, f/p - Snorg
Aim: Snorg (heavily wounded, berserk, extremely poisoned, 74% to hit)
The stone arrow hits Snorg!!
Snorg is heavily wounded.
Snorg looks as sick as possible!
You now have 6/26 mp.
Casting: Stone Arrow (safe; 1% risk of failure)
Confirm with . or Enter, or press ? or * to list all spells.
Aiming: Stone Arrow (safe; 1% risk of failure)
Press: ? - help, Shift-Dir - straight line, f/p - Snorg
Aim: Snorg (severely wounded, berserk, extremely poisoned, 74% to hit)
The stone arrow hits Snorg!
Snorg is severely wounded.
Snorg looks as sick as possible!
Snorg bites you! Snorg claws you. Snorg claws you!
Snorg bites you but does no damage. Snorg claws you. Snorg claws you!
You take 37 damage, and have 31/68 hp.
MASSIVE DAMAGE!!
You now have 3/26 mp.
Casting: Stone Arrow (safe; 1% risk of failure)
Confirm with . or Enter, or press ? or * to list all spells.
Aiming: Stone Arrow (safe; 1% risk of failure)
Press: ? - help, Shift-Dir - straight line, f/p - Snorg
Aim: Snorg (severely wounded, berserk, extremely poisoned, 74% to hit)
The stone arrow hits Snorg!
Snorg is almost dead.
Snorg looks as sick as possible!
Snorg misses you. Snorg barely misses you. Snorg claws you.
You take 1 damage, and have 30/68 hp.
You now have 1/26 mp.
Okay, then.
You feel better.
Your toxic aura wanes.
Snorg closely misses you.
Snorg barely misses you. x2; Snorg bites you!!
* * * LOW HITPOINT WARNING * * *
Snorg claws you!
* * * LOW HITPOINT WARNING * * *
Snorg claws you!
You die...

....................>.......
............................
########..>....%.......####.
#...............# #.
#...............# ##.
#...............###..
#+#..................
#..................
##@##.####..####### #.T.#.#
#..# #+#...#+# #..#
#.......# #..#######
###...######.........
+...'.#.W..........
#####.#W#..######## ....##.#
.....##'######


You could see Snorg (berserk, extremely poisoned).

Vanquished Creatures
  Harold (D:9)
  2 two-headed ogres
  Joseph (D:8)
  A komodo dragon (D:9)
  2 wraiths
  16 yaks
  2 steam dragons (D:7)
  3 vampire mosquitoes (D:8)
  An acid dragon (D:8)
  A water moccasin (D:6)
  2 ice beasts
  3 orc warriors
  An ogre (D:4)
  3 centaurs
  A phantom (D:5)
  4 bullfrogs
  2 gnoll sergeants (D:8)
  3 scorpions
  9 wights
  11 killer bees
  A howler monkey (D:8)
  4 bombardier beetles
  A hound (D:6)
  3 jellies (D:4)
  6 orc priests
  4 iguanas
  6 orc wizards
  A mummy (D:6)
  10 gnolls
  5 adders
  A shadow imp (D:5)
  2 dart slugs (D:1)
  21 orcs
  3 ball pythons
  8 bats
  19 endoplasms
  2 giant cockroaches
  5 goblins
  8 hobgoblins
  5 quokkas
  2 frilled lizards
  A hobgoblin zombie (D:6)
  10 kobolds
  2 kobold zombies (D:6)
  An orc zombie (D:6)
  3 rats
203 creatures vanquished.

Notes
Turn   | Place    | Note
-------+----------+-------------------------------------------
     0 | D:1      | gimp the Barachi Earth Elementalist began the quest for the
                  | Orb.
     0 | D:1      | Reached XP level 1. HP: 13/13 MP: 3/3
   154 | D:1      | Reached XP level 2. HP: 19/19 MP: 1/5
   529 | D:1      | Reached XP level 3. HP: 19/24 MP: 1/6
  1207 | D:2      | You fall into a shaft and drop 1 floor!
  1374 | D:3      | Reached XP level 4. HP: 30/30 MP: 5/8
  1980 | D:3      | Reached XP level 5. HP: 35/35 MP: 2/9
  2120 | D:3      | Found Iphuabam's Armour Boutique.
  2136 | D:3      | Learned a level 3 spell: Stone Arrow
  2141 | D:3      | Learned a level 4 spell: Olgreb's Toxic Radiance
  2941 | D:4      | Identified the +5 spear "Okefiyg" {spect, rPois rF- SInv}
  3257 | D:4      | Reached XP level 6. HP: 41/41 MP: 6/11
  3388 | D:4      | Reached skill level 5 in Conjurations
  3874 | D:5      | Entered Level 5 of the Dungeon
  3893 | D:5      | Reached XP level 7. HP: 46/46 MP: 6/13
  4351 | D:5      | Found a basalt altar of Yredelemnul.
  4377 | D:5      | Found an opulent altar of Gozag.
  4379 | D:5      | Found a white marble altar of Elyvilon.
  4421 | D:5      | Found a staircase to the Ecumenical Temple.
  4429 | Temple   | Entered the Ecumenical Temple
  4434 | Temple   | Became a worshipper of Vehumet
  4498 | D:5      | Reached skill level 5 in Earth Magic
  4834 | D:5      | Reached XP level 8. HP: 52/52 MP: 0/15
  4965 | D:5      | Found a runed translucent door.
  4966 | D:5      | Noticed Crazy Yiuf
  5160 | D:6      | Reached skill level 5 in Spellcasting
  5407 | D:6      | Reached skill level 1 in Alchemy
  5683 | D:6      | Found an ornate altar of the Wu Jian Council.
  5683 | D:6      | Noticed a wraith
  5751 | D:6      | Killed a wraith
  5943 | D:6      | Found a snail-covered altar of Cheibriados.
  5944 | D:6      | Found a shimmering altar of Xom.
  5946 | D:6      | Found a broken altar of Ashenzari.
  6683 | D:7      | Reached XP level 9. HP: 57/57 MP: 8/18
  7207 | D:7      | Found a shadowy altar of Dithmenos.
  7343 | D:7      | Reached * piety under Vehumet
  7343 | D:7      | Offered knowledge of Magic Dart by Vehumet.
  7344 | D:7      | Reached skill level 5 in Alchemy
  7890 | D:8      | Noticed a two-headed ogre
  7895 | D:8      | Killed a two-headed ogre
  7896 | D:8      | Reached XP level 10. HP: 63/63 MP: 6/22
  8584 | D:8      | Noticed Joseph
  8591 | D:8      | Killed Joseph
  8757 | D:8      | Reached ** piety under Vehumet
  8767 | D:8      | Offered knowledge of Kiss of Death by Vehumet.
  9036 | D:8      | Found a hazy altar of Hepliaklqana.
  9038 | D:8      | Found a faded altar of an unknown god.
  9423 | D:9      | Noticed a two-headed ogre
  9429 | D:9      | Killed a two-headed ogre
  9656 | D:9      | Found a staircase to the Orcish Mines.
  9663 | D:9      | Reached skill level 10 in Spellcasting
  9861 | D:9      | Found a staircase to the Lair.
  9936 | D:9      | Reached skill level 10 in Alchemy
  9936 | D:9      | Reached XP level 11. HP: 51/68 MP: 13/25
 10020 | D:9      | Found a shimmering blue altar of Sif Muna.
 10077 | D:9      | Noticed Harold
 10087 | D:9      | Killed Harold
 10572 | D:10     | Entered Level 10 of the Dungeon
 10622 | D:10     | Found a bloodstained altar of Trog.
 10961 | D:10     | Noticed Snorg
 10972 | D:10     | Mangled by Snorg

Illustrated notes

Levels and vault maps discovered:
D:1:      dpeg_arrival_court, layout_basic
D:2:      layout_loops_ring
D:3:      layout_basic, serial_shops, shop
D:4:      cheibrodos_fertilizer, layout_rooms
D:5:      layout_cave_pools, grunt_temple_overflow_open,
          minmay_temple_entry_arrows, uniq_crazy_yiuf_cottage
D:6:      layout_basic, nicolae_wu_jian_wuxing_cycle,
          gammafunk_temple_overflow_forgotten, minmay_mini_ossuary
D:7:      layout_gridville, mainiacjoe_overflow_24_doors
D:8:      layout_basic, beargit_hepliaklqana_dungeon_heroes, uniq_joseph
D:9:      layout_irregular_city, nicolae_sif_muna_condensation,
          david_lair_shrubbed, orc_0_dummy, uniq_harold
D:10:     nicolae_cairo_tiling_large, layout_long_grid, amcnicky_altar_gilded,
          serial_shops, nicolae_shop_behind_doors,
          kennysheep_opposing_triangles, uniq_josephine, uniq_fannar,
          uniq_snorg, uniq_gastronok
Temple:   minmay_freezing_vapour_temple

Skill      XL: |  1  2  3  4  5  6  7  8  9 10 11 |
---------------+----------------------------------+-----
Conjurations   | 2 3 4 5 6 7 |  7.0
Spellcasting   | 3 4 6 8 10 11 | 11.4
Earth Magic    | 4 5 6 7 |  7.0
Alchemy        | 3 7 10 11 | 11.0
Dodging        | |  2.1
Stealth        | |  1.7

Action                     |  1- 3 |  4- 6 |  7- 9 | 10-12 || total
---------------------------+-------+-------+-------+-------++-------
  Melee: Unarmed           |     1 |       |       |       ||     1
         Dagger            |     9 |       |       |       ||     9
         Whip              |       |    21 |    12 |    16 ||    49
   Cast: Sandblast         |    54 |    69 |     2 |       ||   125
         Stone Arrow       |       |     8 |   103 |    82 ||   193
         Olgreb's Toxic Ra |       |       |     5 |    26 ||    31
Ability: Hop               |       |       |       |     3 ||     3
    Use: Scroll            |       |       |       |    14 ||    14
         Potion            |       |       |       |     1 ||     1
 Armour: Robe              |    20 |    25 |    11 |       ||    56
         Steam dragon scal |       |       |     7 |    58 ||    65
  Dodge: Dodged            |    24 |    33 |    22 |    38 ||   117

Table legend: (Time is in decaauts)
 A = Elapsed time spent in this place.
 B = Non-inter-level travel time spent in this place.
 C = Inter-level travel time spent in this place.
 D = Time resting spent in this place.
 E = Time spent auto-exploring this place.
 F = Levels seen in this place.
 G = Mean time per level.
                   A        B        C        D        E       F      G
               +--------+--------+--------+--------+--------+-----+--------+
         Total |  12180 |  11787 |    393 |    162 |  10194 |  11 | 1107.3 |
       Dungeon |  12167 |  11774 |    393 |    162 |  10194 |  10 | 1216.7 |
        Temple |     12 |     12 |      0 |      0 |      0 |   1 |   12.0 |
               +--------+--------+--------+--------+--------+-----+--------+

Top non-repeatable levels by time:
     D:8: 1708 daAuts
     D:6: 1607 daAuts
     D:9: 1388 daAuts
     D:3: 1349 daAuts
     D:5: 1302 daAuts
     D:7: 1202 daAuts
     D:1: 1200 daAuts
     D:4: 1177 daAuts
     D:2: 791 daAuts
    D:10: 441 daAuts
  Temple: 12 daAuts
